 Dungeon Crawl Stone Soup version 0.28.0-53-g5a82cb258f (webtiles) character file.

Game seed: 1648310924404915586

6374 mcbry74 the Cleaver (level 10, -5/84 HPs)
             Began as a Minotaur Fighter on July 20, 2022.
             Was an Elder of Wu Jian.
             Slain by an orc knight
             ... wielding a +0 war axe
              (13 damage)
             ... in a bailey.
             The game lasted 00:28:29 (9549 turns).

mcbry74 the Cleaver (Minotaur Fighter)              Turns: 9549, Time: 00:28:30

Health: -5/84      AC: 14    Str: 21    XL:     10   Next: 65%
Magic:  9/9        EV:  7    Int:  9    God:    Wu Jian [****..]
Gold:   454        SH: 11    Dex: 10    Spells: 9/9 levels left

rFire   . . .      SeeInvis .   a - +0 war axe
rCold   . . .      Faith    .   c - +1 buckler
rNeg    . . .      Spirit   .   G - +0 plate armour
rPois   .          Reflect  +   (helmet restricted)
rElec   .          Harm     .   (no cloak)
rCorr   .          Rampage  .   (no gloves)
Will    .....                   (no boots)
Stlth   ..........              k - amulet of reflection
HPRegen 0.24/turn               (no ring)
MPRegen 0.11/turn               (no ring)

@: no status effects
A: horns 2, retaliatory headbutt
a: Renounce Religion, Wall Jump, Serpent's Lash


You were in a bailey.
You worshipped Wu Jian.
Wu Jian was greatly pleased with you.
You visited 1 branch of the dungeon, and saw 9 of its levels.
You also visited: Bailey.

You collected 454 gold pieces.

Inventory:

Hand Weapons
 a - a +0 war axe (weapon)
 h - a +4 flail
 D - a +2 vampiric whip
 H - a +2 broad axe of flaming
Missiles
 d - 11 javelins
 r - 20 poisoned darts (quivered)
 C - 3 throwing nets
Armour
 b - a +0 scale mail
 c - a +1 buckler (worn)
 t - a +0 chain mail
 G - a +0 plate armour (worn)
Jewellery
 f - a ring of ice
 k - an amulet of reflection (around neck)
 A - an amulet of magic regeneration
 K - a ring of positive energy
Wands
 z - a wand of polymorph (5)
 I - a wand of acid (7)
Scrolls
 e - a scroll of fog
 g - 3 scrolls of teleportation
 o - 3 scrolls of blinking
 p - a scroll of enchant armour
 q - a scroll of holy word
 B - 2 scrolls of immolation
 J - a scroll of magic mapping {unknown}
Potions
 j - 2 potions of degeneration {unknown}
 l - 4 potions of mutation
 m - a potion of haste {unknown}
 n - a potion of berserk rage {unknown}
 s - a potion of lignification {unknown}
 v - 4 potions of curing
 w - a potion of attraction {unknown}
 E - 2 potions of flight {unknown}
 L - a potion of cancellation {unknown}


   Skills:
 + Level 6.3 Fighting
 - Level 14.2(14.3) Axes
 + Level 1.5(9.3) Maces & Flails
 + Level 1.5(9.3) Polearms
 + Level 1.1 Throwing
 + Level 10.9 Armour
 + Level 1.3 Dodging
 - Level 6.0 Shields
 + Level 1.2 Evocations


You had 9 spell levels left.
You didn't know any spells.
Your spell library contained the following spells:

 Spells                   Type           Power      Damage    Failure   Level
 Magic Dart               Conj           0%         1d3       100%        1
 Pain                     Necr           0%         1d4       100%        1
 Slow                     Hex            0%         N/A       100%        1
 Blink                    Tloc           0%         N/A       100%        2
 Searing Ray              Conj           0%         2d4       100%        2
 Confusing Touch          Hex            0%         N/A       100%        3
 Conjure Flame            Conj/Fire      0%         6-21      100%        3
 Ignite Poison            Fire/Tmut/Pois 0%         N/A       100%        3
 Lesser Beckoning         Tloc           0%         N/A       100%        3
 Vampiric Draining        Necr           0%         2d6       100%        3
 Fulminant Prism          Conj/Hex       0%         3d6       100%        4
 Sticky Flame             Conj/Fire      0%         2d3       100%        4
 Agony                    Necr           0%         N/A       100%        5
 Excruciating Wounds      Necr           0%         N/A       100%        5
 Manifold Assault         Tloc           0%         N/A       100%        5


Dungeon Overview and Level Annotations

Branches:
Dungeon (9/15)             Temple (0/1) D:6            Lair (0/6) D:8
 Bailey (1/1)
    Orc: D:9-12

Altars:
Cheibriados
Fedhas
Hepliaklqana
Okawaru
Sif Muna
Wu Jian
Yredelemnul
Zin


Innate Abilities, Weirdness & Mutations

You have a pair of horns on your head.
You reflexively headbutt those who attack you in melee.


Message History

You hit the orc knight.
The orc knight is moderately wounded.
You completely miss the orc knight.
The orc knight is moderately wounded.
The orc knight hits you but does no damage.
You slash the orc knight! You headbutt the orc knight.
The orc knight is severely wounded.
You block the orc knight's attack.
You hit the orc knight but do no damage.
Your headbutt misses the orc knight.
The orc knight is severely wounded.
The orc knight hits you with a +0 war axe.
You hit the orc knight. Your headbutt misses the orc knight.
The orc knight is severely wounded.
You hit the orc knight but do no damage.
The orc knight is severely wounded.
The orc knight hits you with a +0 war axe!!
You barely miss the orc knight.
The orc knight is severely wounded.
The orc knight hits you with a +0 war axe!
* * * LOW HITPOINT WARNING * * *
Aiming: Wall Jump
Press: ? - help, Dir - move target You repeatedly attack the orc knight from above.
You hit the orc knight.
The orc knight is severely wounded.
You slash the orc knight!
You headbutt the orc knight, but do no damage.
The orc knight is almost dead.
You closely miss the orc knight.
The orc knight is almost dead.
The orc knight hits you with a +0 war axe.
* * * LOW HITPOINT WARNING * * *
You block the orc knight's attack.
Things that are here:
a +0 hand axe; a +0 leather armour You hit the orc knight but do no damage.
The orc knight is almost dead.
The orc knight hits you with a +0 war axe!
You die...

≈≈≈≈≈≈≈≈≈≈...≈≈≈≈≈≈≈≈≈≈
≈≈≈≈≈≈≈≈≈≈...≈≈≈≈≈≈≈≈≈≈
≈≈≈≈≈≈≈≈≈≈...≈≈≈≈≈≈≈≈≈≈
######≈≈≈≈...≈≈≈≈######
#...........#
#####'''#####
#..'.)...+ #..°°))..+
#..#@.⌠..# .....#o....#
#.8.. #.....# #....
####### #o8# #o.


You could see an orc knight.

Vanquished Creatures
  A two-headed ogre (D:8)
  Pikel (D:7)
  Joseph (D:8)
  The ghost of raph the Carver, a novice DrCA of Ignis (D:5)
  Maggie (D:7)
  Grinder (D:3)
  Eustachio (D:4)
  3 yaks (D:8)
  Menkaure (D:7)
  A steam dragon (D:8)
  A water moccasin (D:5)
  Duvessa (D:4)
  3 orc warriors
  A sky beast (D:6)
  2 necrophages
  3 black bears (D:6)
  2 ogres
  2 ice beasts (D:7)
  2 centaurs (D:6)
  2 kobold brigands
  A bullfrog (D:8)
  A scorpion (D:6)
  A water moccasin zombie (D:6)
  2 wyvern skeletons
  Dowan (D:4)
  A wight (D:8)
  4 howler monkeys (D:7)
  2 bullfrog zombies (D:6)
  4 centaur zombies
  3 gnoll shamans
  A hound (D:5)
  3 jellies
  3 orc priests
  Jessica (D:2)
  2 iguanas (D:6)
  4 orc wizards
  Ijyb (D:3)
  Natasha (thrice) (D:3)
  A killer bee zombie (D:6)
  2 howler monkey zombies
  6 adders
  22 gnolls
  3 white imps
  An ufetubus (D:4)
  2 adder skeletons
  2 dart slugs
  20 orcs
  5 bats
  A bat skeleton (D:2)
  A bat zombie (D:2)
  3 endoplasms
  2 giant cockroaches
  5 goblins
  9 hobgoblins
  9 jackals
  6 quokkas
  5 ball pythons
  2 frilled lizards
  18 kobolds
  4 rats
198 creatures vanquished.

Vanquished Creatures (others)
  2 withered plants (D:2)
2 creatures vanquished.

Grand Total: 200 creatures vanquished

Notes
Turn   | Place    | Note
-------+----------+-------------------------------------------
     0 | D:1      | mcbry74 the Minotaur Fighter began the quest for the Orb.
     0 | D:1      | Reached XP level 1. HP: 19/19 MP: 0/0
     1 | D:1      | Noticed an electric eel
   155 | D:1      | Reached XP level 2. HP: 27/27 MP: 1/1
   184 | D:1      | Reached skill level 3 in Axes
   625 | D:2      | Found an ornate altar of the Wu Jian Council.
   636 | D:2      | Became a worshipper of the Wu Jian Council
   640 | D:2      | Reached XP level 3. HP: 33/33 MP: 2/2
   907 | D:2      | Found a faded altar of an unknown god.
   963 | D:2      | Noticed Jessica
   967 | D:2      | Killed Jessica
   968 | D:2      | Reached XP level 4. HP: 40/40 MP: 3/3
  1363 | D:3      | Noticed Natasha
  1366 | D:3      | Killed Natasha
  1367 | D:3      | Reached skill level 4 in Axes
  1544 | D:3      | Found a blossoming altar of Fedhas.
  1588 | D:3      | Noticed Natasha
  1602 | D:3      | Killed Natasha
  1603 | D:3      | Reached XP level 5. HP: 36/47 MP: 4/4
  1827 | D:3      | Noticed Natasha
  1833 | D:3      | Killed Natasha
  2066 | D:3      | Noticed Ijyb
  2083 | D:3      | Killed Ijyb
  2083 | D:3      | Reached * piety under Wu Jian
  2220 | D:3      | Noticed Grinder
  2238 | D:3      | Paralysed by Grinder for 3 turns
  2257 | D:3      | Killed Grinder
  2258 | D:3      | Reached skill level 5 in Fighting
  2258 | D:3      | Reached skill level 5 in Axes
  2258 | D:3      | Reached skill level 5 in Armour
  2258 | D:3      | Reached skill level 5 in Shields
  2258 | D:3      | Reached XP level 6. HP: 19/56 MP: 5/5
  2802 | D:4      | Noticed Eustachio
  2814 | D:4      | Killed Eustachio
  2815 | D:4      | Reached skill level 6 in Axes
  2815 | D:4      | Reached XP level 7. HP: 52/61 MP: 6/6
  2822 | D:4      | Noticed Dowan
  2846 | D:4      | Killed Dowan
  3130 | D:4      | Noticed Duvessa
  3143 | D:4      | Killed Duvessa
  3622 | D:5      | Entered Level 5 of the Dungeon
  3734 | D:5      | Reached skill level 7 in Axes
  3876 | D:5      | Reached XP level 8. HP: 70/70 MP: 7/7
  4162 | D:5      | Reached ** piety under Wu Jian
  4163 | D:5      | Reached skill level 8 in Axes
  4264 | D:5      | Found a shimmering blue altar of Sif Muna.
  4646 | D:5      | Found a runed translucent gate.
  4647 | D:5      | Noticed raph's ghost (novice DrCA)
  4648 | D:5      | Found a runed translucent gate.
  4649 | D:5      | Found a runed translucent gate.
  4664 | D:5      | Killed raph's ghost
  4665 | D:5      | Reached skill level 9 in Axes
  4883 | D:6      | Reached skill level 10 in Axes
  5080 | D:6      | Reached XP level 9. HP: 75/75 MP: 8/8
  5240 | D:6      | Reached *** piety under Wu Jian
  5253 | D:6      | Reached skill level 11 in Axes
  5852 | D:6      | Found an iron altar of Okawaru.
  5908 | D:6      | Found a staircase to the Ecumenical Temple.
  5991 | D:6      | Identified the +9 rapier of Judgement {vorpal, +Blink rC+
                  | Str+2 Dex-2}
  6368 | D:7      | Noticed Pikel
  6392 | D:7      | Killed Pikel
  6393 | D:7      | Reached skill level 12 in Axes
  6476 | D:7      | Noticed Menkaure
  6489 | D:7      | Killed Menkaure
  6519 | D:7      | Noticed Maggie
  6532 | D:7      | Killed Maggie
  6533 | D:7      | Reached skill level 13 in Axes
  6533 | D:7      | Reached XP level 10. HP: 22/83 MP: 9/9
  6812 | D:7      | Reached skill level 10 in Armour
  6983 | D:7      | Found a glowing silver altar of Zin.
  7417 | D:8      | Reached **** piety under Wu Jian
  7651 | D:8      | Noticed Joseph
  7668 | D:8      | Killed Joseph
  8147 | D:8      | Noticed a two-headed ogre
  8155 | D:8      | Killed a two-headed ogre
  8156 | D:8      | Reached skill level 14 in Axes
  8439 | D:8      | Found a basalt altar of Yredelemnul.
  8517 | D:8      | Found a staircase to the Lair.
  8532 | D:8      | Found a snail-covered altar of Cheibriados.
  8556 | D:8      | Reached skill level 1 in Maces & Flails
  8556 | D:8      | Reached skill level 1 in Polearms
  8628 | D:8      | Reached skill level 1 in Throwing
  8628 | D:8      | Reached skill level 1 in Dodging
  8628 | D:8      | Reached skill level 1 in Evocations
  9173 | D:9      | Found a hazy altar of Hepliaklqana.
  9235 | D:9      | Found a flagged portal.
  9242 | Bailey   | Entered a bailey
  9525 | Bailey   | Noticed an orc knight
  9549 | Bailey   | Slain by an orc knight

Illustrated notes

Levels and vault maps discovered:
D:1:      arrival_aquarium_a, layout_basic
D:2:      layout_basic, dreamdust_ecumenical_altar_grove, serial_undead,
          serial_undead_c, serial_undead_b, serial_undead_f, serial_undead_b,
          serial_undead_f, basic_altar, uniq_jessica
D:3:      layout_loops_ring, mainiacjoe_overflow_paths, uniq_grinder,
          uniq_natasha, uniq_ijyb
D:4:      layout_basic, uniq_eustachio, uniq_duvessa
D:5:      layout_loops_ring, mainiacjoe_overflow_24_doors,
          gammafunk_ghost_nasty_kobolds
D:6:      minmay_recursive_quarters, layout_basic, marbit_many_paths,
          temple_doors_e
D:7:      layout_cave_pools, mainiacjoe_overflow_cross_hatched, uniq_pikel,
          uniq_menkaure, uniq_maggie
D:8:      layout_loops_ring, cheibriados_altar_1,
          lemuel_zombie_altar_yredelemnul, lair_entry_dummy, st_stairs_6,
          corexii_checkpoint_a, nicolae_elevator_lobby_plus, uniq_joseph
D:9:      layout_loops_cross, old_standard_altar,
          mainiacjoe_overflow_concentric_impassable, enter_bailey_3
Bailey:   bailey_axe_of_yendor_kennysheep, bailey

Skill      XL: |  1  2  3  4  5  6  7  8  9 10 |
---------------+-------------------------------+-----
Axes           | 3 4 5 6 7 10 13 14 | 14.2
Shields        | 4 5 6 |  6.0
Fighting       | 4 5 6 |  6.3
Armour         | 4 5 6 7 9 10 | 10.9
Maces & Flails | 1 |  1.5
Polearms       | 1 |  1.5
Throwing       | 1 |  1.1
Dodging        | 1 |  1.3
Evocations     | 1 |  1.2

Action                   |  1- 3 |  4- 6 |  7- 9 | 10-12 || total
-------------------------+-------+-------+-------+-------++-------
Melee: War axe           |    59 |    88 |   318 |   166 ||   631
       Headbutt          |     4 |    14 |    60 |    29 ||   107
       Whip              |       |       |    33 |       ||    33
Throw: Dart              |       |     9 |     6 |    10 ||    25
Invok: Lunge             |     2 |    16 |    40 |    27 ||    85
       Whirlwind         |       |       |    12 |     3 ||    15
 Abil: Wall Jump         |       |       |     3 |     4 ||     7
  Use: Potion            |       |     1 |     2 |       ||     3
       Scroll            |       |       |       |    14 ||    14
Armor: Scale mail        |    28 |     7 |       |       ||    35
       Chain mail        |       |    11 |    55 |       ||    66
       Plate armour      |       |       |    68 |    39 ||   107
Dodge: Dodged            |    34 |    18 |    71 |    16 ||   139
Block: Buckler           |    24 |    37 |   153 |    60 ||   274
       Reflection        |       |     3 |     7 |     5 ||    15
